 Dungeon Crawl Stone Soup version 0.30.1-11-g7821555f0a (webtiles) character file.

Game seed: 9113001601880646976

3022 monsoonserge the Zephyrmancer (level 9, -5/50 HPs)
             Began as a Tengu Air Elementalist on Dec 9, 2023.
             Shot with a sling bullet by Joseph (11 damage)
             ... on level 7 of the Dungeon.
             The game lasted 00:34:07 (9780 turns).

monsoonserge the Zephyrmancer (TeAE)                Turns: 9780, Time: 00:34:08

Health: -5/50      AC:  8    Str: 10    XL:     9   Next: 85%
Magic:  3/14       EV: 12    Int: 22    God:
Gold:   178        SH:  5    Dex: 14    Spells: 4/14 levels left

rFire   . . .        y - +0 mace of Defiance {spect, rN+ Will+ Int+3}
rCold   . . .        q - +0 buckler
rNeg    + . .        l - +0 ring mail
rPois   +            (helmet restricted)
rElec   .            (no cloak)
rCorr   .            p - +1 pair of gloves
SInv    .            (boots unavailable)
Will    +....        H - amulet of magic regeneration
Stlth   +            a - ring of poison resistance
HPRegen 0.28/turn    (no ring)
MPRegen 0.54/turn

%: no passive effects
@: swift, flying quickly and evasively, very quick
A: beak, talons 3, nimble flight
a: no special abilities


You were on level 7 of the Dungeon.
You visited 2 branches of the dungeon, and saw 8 of its levels.
You also visited: Sewer.

You collected 425 gold pieces.
You spent 247 gold pieces at shops.

Inventory:

Hand Weapons
 t - a +1 dagger of pain
 y - the +0 mace of Defiance (weapon) {spect, rN+ Will+ Int+3}
   (You found it on level 5 of the Dungeon)

   Int:       It affects your intelligence (+3).
   rN:        It protects you from negative energy.
   Will:      It increases your willpower.
Missiles
 u - 2 boomerangs (quivered)
 x - 5 atropa-tipped darts
 z - 4 poisoned darts
Armour
 j - a +0 leather armour
 l - a +0 ring mail (worn)
 p - a +1 pair of gloves (worn)
 q - a +0 buckler (worn)
Magical Staves
 m - a staff of cold
Jewellery
 a - a ring of poison resistance (left hand)
 w - an amulet of guardian spirit
 H - an amulet of magic regeneration (around neck)
Wands
 G - a wand of paralysis (11)
 I - a wand of digging (8)
Scrolls
 c - 4 scrolls of immolation
 d - a scroll of enchant weapon
 h - 3 scrolls of enchant armour
 i - 2 scrolls of poison
 o - 2 scrolls of butterflies
 v - 3 scrolls of teleportation
 A - 3 scrolls of magic mapping {unknown}
 B - 2 scrolls of fear
 E - a scroll of fog
 F - a scroll of acquirement {unknown}
Potions
 b - 2 potions of magic
 e - a potion of brilliance
 f - a potion of resistance {unknown}
 g - 6 potions of curing
 k - 3 potions of attraction {unknown}
 n - 3 potions of mutation {unknown}
 r - 2 potions of haste
 s - 2 potions of heal wounds
 C - a potion of degeneration
 D - a potion of cancellation {unknown}


   Skills:
 + Level 3.1 Fighting
 + Level 1.3 Short Blades
 + Level 2.8 Maces & Flails
 + Level 0.7 Throwing
 + Level 5.7 Armour
 + Level 3.0 Dodging
 + Level 2.0 Stealth
 + Level 4.7 Shields
 + Level 3.2 Spellcasting
 - Level 5.0 Conjurations
 + Level 11.5 Air Magic
 + Level 2.0 Poison Magic


You had 4 spell levels left.
You knew the following spells:

 Your Spells              Type           Power      Damage    Failure   Level
a - Shock                 Conj/Air       100%       1d9       1%          1
c - Poisonous Vapours     Pois/Air       66%        N/A       3%          2
d - Airstrike             Air            26%        2d(4-20)  3%          4
e - Swiftness             Air            53%        N/A       1%          3

Your spell library contained the following spells:

 Spells                   Type           Power      Damage    Failure   Level
 Static Discharge         Conj/Air       78%        2-6/arc   1%          2
 Magic Dart               Conj           100%       1d8       5%          1
 Searing Ray              Conj           50%        2d6       8%          2
 Cigotuvi's Dreadful Rot  Necr/Pois/Air  46%        N/A       10%         2
 Sting                    Tmut/Pois      32%        1d4       26%         1
 Fulminant Prism          Conj/Hex       7%         3d7       82%         4
 Olgreb's Toxic Radiance  Pois           12%        N/A       86%         4
 Borgnjor's Vile Clutch   Necr/Erth      1%         N/A       100%        5
 Summon Forest            Summ/Tloc      1%         N/A       100%        5
 Death Channel            Necr           1%         N/A       100%        6
 Eringya's Noxious Bog    Tmut/Pois      4%         N/A       100%        6
 Summon Hydra             Summ           1%         N/A       100%        7


Dungeon Overview and Level Annotations

Branches:
Dungeon (7/15)             Temple (1/1) D:6           Sewer (visited)

Altars:
Ashenzari
Elyvilon
Fedhas
Hepliaklqana
Makhleb
Nemelex Xobeh
Okawaru
Qazlal
Ru
Sif Muna
Trog
Uskayaw
Xom
Yredelemnul
Zin
The Shining One

Shops:
D:1 !   D:4 :

Annotations:
D:3 dig
D:7 Joseph


Innate Abilities, Weirdness & Mutations

You have a beak for a mouth.
You have claws for feet.
Your magical nature lets you fly swiftly and evasively.


Message History

As you open the door, it creaks loudly!
There is an open door here.
You reach down and open the door.
Joseph, a Mercenary comes into view.
He is wielding a +0 quarterstaff.
Joseph shouts!
You hear an angry hiss. x2
Joseph unwields a +0 quarterstaff.
Joseph wields a +0 sling.
Joseph shoots a sling bullet.
The sling bullet hits you.
Casting: Airstrike (dangerous; 3% risk of failure)
Confirm with . or Enter, or press ? or * to list all spells.
Aiming: Airstrike (dangerous; 3% risk of failure)
Press: ? - help, Dir - move target, f - Joseph
Aim: Joseph, wielding a +0 sling and wearing a +0 leather armour (empty space bonus: 8/8)
The air twists around and strikes Joseph!!
Joseph is moderately wounded.
Joseph shoots a sling bullet.
The sling bullet hits you!
Casting: Airstrike (dangerous; 3% risk of failure)
Confirm with . or Enter, or press ? or * to list all spells.
Aiming: Airstrike (dangerous; 3% risk of failure)
Press: ? - help, Dir - move target, f/p - Joseph
Aim: Joseph, wielding a +0 sling and wearing a +0 leather armour (moderately wounded, empty space bonus: 8/8)
The air twists around and strikes Joseph!
Joseph is heavily wounded.
Joseph shoots a sling bullet.
The sling bullet hits you!
Casting: Airstrike (dangerous; 3% risk of failure)
Confirm with . or Enter, or press ? or * to list all spells.
Aiming: Airstrike (dangerous; 3% risk of failure)
Press: ? - help, Dir - move target, f/p - Joseph
Aim: Joseph, wielding a +0 sling and wearing a +0 leather armour (heavily wounded, empty space bonus: 8/8)
The air twists around and strikes Joseph!
Joseph is heavily wounded.
A steam dragon comes into view.
Joseph shoots a sling bullet.
The sling bullet hits you!
* * * LOW HITPOINT WARNING * * *
As you close the door, it creaks loudly!
Casting: Airstrike (dangerous; 3% risk of failure)
Confirm with . or Enter, or press ? or * to list all spells.
You feel quick.
Joseph breaks down the door.
Joseph shoots a sling bullet.
The sling bullet hits you!
You die...

#...#...........#.
#...#...........##
#...'.............
#..##.............
#..########+####..
#..# .......#..
#..# .......'..
#..# .......#..
##@####+#########..
#..................
#..................
#..................
#..................
###'##########..†.#
.@. #....# #....
#....# #....#
#....#


You could see Joseph.

Vanquished Creatures
  Sigmund (D:4)
  Menkaure (D:6)
  A water moccasin (D:7)
  5 black bears
  An orc warrior (D:7)
  An ice beast (D:6)
  4 ogres
  A centaur (D:7)
  3 phantoms (D:6)
  2 scorpions (D:4)
  A bullfrog (D:7)
  4 wights (D:6)
  A water moccasin skeleton (D:5)
  2 howler monkeys
  3 bullfrog zombies (D:5)
  2 orc priests
  3 hounds
  A bullfrog skeleton (D:5)
  A centaur skeleton (D:5)
  5 iguanas
  2 orc wizards (D:6)
  A sickly merfolk siren (Sewer)
  A malarious merfolk avatar (Sewer)
  A hound zombie (D:5)
  A hound skeleton (D:5)
  9 adders
  7 gnolls
  2 river rats (Sewer)
  3 worms
  4 dart slugs
  14 orcs
  7 ball pythons
  10 endoplasms
  4 giant cockroaches (Sewer)
  6 goblins
  10 hobgoblins
  2 kobolds
  6 quokkas
  5 bats
  4 frilled lizards
  27 rats
169 creatures vanquished.

Notes
Turn   | Place    | Note
-------+----------+-------------------------------------------
     0 | D:1      | monsoonserge the Tengu Air Elementalist began the quest for
                  | the Orb.
     0 | D:1      | Reached XP level 1. HP: 10/10 MP: 4/4
   212 | D:1      | Reached XP level 2. HP: 15/15 MP: 0/6
   511 | D:1      | Found Hiudebaa's Distillery.
   761 | D:1      | Reached XP level 3. HP: 19/19 MP: 4/7
   769 | D:1      | Found a faded altar of an unknown god.
  1119 | D:1      | Learned a level 3 spell: Swiftness
  1495 | D:2      | Learned a level 2 spell: Poisonous Vapours
  1765 | D:1      | Bought a potion of curing for 39 gold pieces
  2607 | D:2      | Reached XP level 4. HP: 24/24 MP: 4/8
  2878 | D:1      | Bought a potion of heal wounds for 65 gold pieces
  3046 | D:3      | Found a glowing silver altar of Zin.
  3122 | D:3      | Reached skill level 5 in Air Magic
  3476 | D:4      | Noticed a black bear
  3526 | D:4      | Found Uffigu's Tremendous Tomes.
  3556 | D:4      | Noticed Sigmund
  3559 | D:4      | Found a glowing drain.
  3571 | D:4      | Killed Sigmund
  3572 | D:4      | Reached skill level 1 in Poison Magic
  3572 | D:4      | Gained mutation: Your magical nature lets you fly swiftly
                  | and evasively. [Tengu growth]
  3572 | D:4      | Reached XP level 5. HP: 18/28 MP: 1/10
  3572 | D:4      | Reached XP level 6. HP: 21/32 MP: 1/11
  3652 | Sewer    | Entered a sewer
  4245 | Sewer    | Got the Annotations on Lamentation and the Nimbus
  4383 | D:4      | Killed a black bear
  4384 | D:4      | Reached skill level 6 in Air Magic
  4384 | D:4      | Reached XP level 7. HP: 36/37 MP: 5/12
  4390 | D:4      | Learned a level 4 spell: Airstrike
  4617 | D:4      | Reached skill level 1 in Short Blades
  4780 | D:4      | Found a white marble altar of Elyvilon.
  5011 | D:4      | Reached skill level 7 in Air Magic
  5398 | D:4      | Found a basalt altar of Yredelemnul.
  5450 | D:4      | Reached XP level 8. HP: 29/42 MP: 3/13
  5701 | D:5      | Entered Level 5 of the Dungeon
  5805 | D:5      | Reached skill level 1 in Fighting
  5917 | D:5      | Reached skill level 5 in Conjurations
  6017 | D:5      | Identified the +0 mace of Defiance {spect, rN+ Will+ Int+3}
  6166 | D:5      | Reached skill level 8 in Air Magic
  6612 | D:5      | Reached skill level 1 in Maces & Flails
  6978 | D:1      | Bought a potion of haste for 130 gold pieces
  6978 | D:1      | Bought a potion of degeneration for 13 gold pieces
  7261 | D:5      | Reached XP level 9. HP: 49/49 MP: 4/14
  7433 | D:5      | Reached skill level 9 in Air Magic
  7953 | D:6      | Found a staircase to the Ecumenical Temple.
  7961 | Temple   | Entered the Ecumenical Temple
  8068 | D:6      | Reached skill level 5 in Armour
  8154 | D:6      | Noticed Menkaure
  8158 | D:6      | Killed Menkaure
  8298 | D:6      | Found a hide-covered altar of Uskayaw.
  8369 | D:6      | Reached skill level 10 in Air Magic
  9356 | D:7      | Reached skill level 11 in Air Magic
  9700 | D:7      | Found a glowing golden altar of the Shining One.
  9771 | D:7      | Noticed Joseph
  9780 | D:7      | Shot with a sling bullet by Joseph

Illustrated notes

Levels and vault maps discovered:
D:1:      arrival_zaba_pyramid, layout_basic, serial_corexii_hall,
          corexii_hall_statues_u, corexii_hall_statues_x,
          corexii_hall_statues_s, corexii_hall_statues_x, serial_shops,
          nicolae_lakefront_shop, shapermc_ecumenical_altar_mp_ritualfount
D:2:      layout_basic, serial_corexii_hall, chequers_hall_statues_wall_a,
          corexii_hall_statues_l, chequers_hall_statues_corner_a,
          corexii_hall_statues_i, kennysheep_generic_room_7
D:3:      layout_basic, zin_scriptorium
D:4:      layout_loops_cross, kennysheep_ying_yang,
          cheibrodos_sewer_entry_drain, nicolae_shop_i_like_big_books,
          minmay_misc_feat_five, st_stairs_12, uniq_sigmund
D:5:      layout_basic, serial_undead, serial_undead_c, serial_undead_c,
          serial_undead_c, serial_undead_b, serial_undead_d, serial_undead_a
D:6:      layout_cave_pods, mainiacjoe_overflow_concentric_impassable,
          minmay_temple_entry_stoned_glass, serial_glass, glass_columns_c,
          glass_columns_a, uniq_menkaure
D:7:      layout_gridville, kennysheep_little_box, uniq_crazy_yiuf_cottage,
          uniq_joseph
Temple:   jpeg_temple_clearing

Skill      XL: |  1  2  3  4  5  6  7  8  9 |
---------------+----------------------------+-----
Conjurations   | 2 3 4 5 |  5.0
Air Magic      | 5 6 7 8 11 | 11.5
Armour         | 2 3 4 5 |  5.7
Shields        | 2 3 4 |  4.7
Spellcasting   | 3 |  3.2
Poison Magic   | 1 2 |  2.0
Dodging        | 3 |  3.0
Short Blades   | 1 |  1.3
Fighting       | 2 3 |  3.1
Maces & Flails | 1 2 |  2.8
Throwing       | |  0.7
Stealth        | |  2.0

Action                     |  1- 3 |  4- 6 |  7- 9 || total
---------------------------+-------+-------+-------++-------
  Melee: Short sword       |    17 |     1 |       ||    18
         Kick              |     5 |    16 |    10 ||    31
         Peck              |     3 |     6 |     5 ||    14
         Dagger            |       |    53 |     4 ||    57
         Mace              |       |       |    25 ||    25
  Throw: Boomerang         |       |     2 |     4 ||     6
   Cast: Shock             |    86 |    69 |   152 ||   307
         Poisonous Vapours |     3 |     8 |    55 ||    66
         Swiftness         |       |       |     4 ||     4
         Airstrike         |       |       |    24 ||    24
    Use: Scroll            |       |     2 |     7 ||     9
   Stab: Distracted        |       |       |     1 ||     1
 Armour: Robe              |     1 |       |       ||     1
         Leather armour    |     8 |    15 |    14 ||    37
         Ring mail         |       |       |     1 ||     1
  Dodge: Dodged            |    25 |    42 |    34 ||   101
  Block: Buckler           |       |    12 |    10 ||    22
